 Dungeon Crawl Stone Soup version 0.18.1-50-g88ac8fd (webtiles) character file.

25574 Lovchig the Cleaver (level 12, -10/102 HPs)
             Began as a Deep Dwarf Fighter on Sept 15, 2016.
             Was a Priest of the Shining One.
             Mangled by a cyclops (17 damage)
             ... on level 11 of the Dungeon.
             The game lasted 00:54:05 (10568 turns).

Lovchig the Cleaver (Deep Dwarf Fighter)           Turns: 10568, Time: 00:54:06

Health: -10/102    AC: 27    Str: 25    XL:     12   Next: 90%
Magic:  2/2        EV:  8    Int: 19    God:    the Shining One [***...]
Gold:   362        SH: 13    Dex: 15    Spells: 0 memorised, 11 levels left

rFire  + + .     SeeInvis .     a - +3 war axe
rCold  . . .     Gourm    .     S - +4 crystal plate armour
rNeg   + . .     Faith    +     c - +0 shield
rPois  .         Spirit   .     N - +0 hat of Oblivion {MR- Int+9 Stlth+}
rElec  .         Dismiss  .     (no cloak)
rCorr  .         Reflect  .     j - +0 pair of gloves
SustAt .         Harm     .     K - +0 pair of boots {Fly}
MR     .....                    E - amulet of faith
Stlth  ..........               L - +3 ring of strength
                                Q - +3 ring of dexterity

@: flying, non-regenerating, glowing, not resistant to hostile enchantments,
extremely unstealthy
A: damage resistance, recharge devices, fire resistance 2, frail 1, sense
surroundings 2, slow regeneration 3, weak 1, MP-powered wands
a: Device Recharging, Divine Shield, Renounce Religion, Stop Flying


You were on level 11 of the Dungeon.
You worshipped the Shining One.
The Shining One was most pleased with you.
You were hungry.

You visited 2 branches of the dungeon, and saw 12 of its levels.
You also visited: Sewer and Bailey.

You collected 865 gold pieces.
You spent 503 gold pieces at shops.

Inventory:

Hand Weapons
 a - a +3 war axe (weapon)
Armour
 c - a +0 shield (worn)
 j - a +0 pair of gloves (worn)
 K - a +0 pair of boots of flying (worn)
 N - the +0 hat of Oblivion (worn) {MR- Int+9 Stlth+}
   (You found it on level 7 of the Dungeon)

   It affects your intelligence (+9).
   It affects your resistance to hostile enchantments.
   It makes you more stealthy.
 S - a +4 crystal plate armour (worn)
Jewellery
 g - a +2 ring of protection
 E - an amulet of faith (around neck)
 L - a +3 ring of strength (right hand)
 Q - a +3 ring of dexterity (left hand)
Wands
 e - a wand of heal wounds (6/9)
 t - a wand of iceblast (4/15)
 A - a wand of slowing (21/48)
 F - a wand of teleportation (6/9)
 G - a wand of polymorph (8/24)
 H - a wand of flame (26/48)
 I - a wand of lightning (4/15)
Scrolls
 m - 7 scrolls of teleportation
 r - 3 scrolls of fog
 v - a scroll of amnesia
 x - 2 scrolls of blinking
 y - a scroll of magic mapping
 C - 5 scrolls of recharging
 D - a scroll of fear
 O - 3 scrolls of remove curse
Potions
 d - 2 potions of experience
 o - a potion of haste
 p - a potion of brilliance
 s - a potion of lignification
 w - 2 potions of resistance
 z - 7 potions of magic
Comestibles
 b - 5 meat rations
 f - 9 bread rations
 l - 3 beef jerkies
 q - a slice of pizza
 u - 2 fruits
 M - a royal jelly


   Skills:
 * Level 9.1 Fighting
 * Level 13.3 Axes
 * Level 9.9 Armour
 * Level 8.1 Dodging
 + Level 0.3 Stealth
 * Level 12.1 Shields
 - Level 1.0 Evocations


You had 11 spell levels left.
You didn't know any spells.

Dungeon Overview and Level Annotations

Branches:
Dungeon (11/15)            Temple (1/1) D:5            Lair (0/8) D:9
    Orc (0/2) D:10

Altars:
Ashenzari
Cheibriados
Dithmenos
Elyvilon
Fedhas
Gozag
Kikubaaqudgha
Makhleb
Nemelex Xobeh
Okawaru
Pakellas
Qazlal
Ru
Sif Muna
Trog
Vehumet
Xom
Yredelemnul
Zin
The Shining One

Shops:
D:5 *   D:8 *[   D:9 %


Innate Abilities, Weirdness & Mutations

You are resistant to damage.
You can recharge devices by infusing magical energy.
You passively map the area around you.
You do not regenerate naturally.
Your flesh is very heat resistant.
You are frail (-10% HP).
You are weak. (Str -2)
You expend magic power (3 MP) to strengthen your wands.


Message History

a large rock; a giant spiked club You see here 4 large rocks.
The cyclops shouts!
The cyclops throws a large rock.
You block the large rock.
You see here a large rock.
The cyclops throws a large rock.
The large rock hits you!!
* * * LOW HITPOINT WARNING * * *
You see here a large rock.
There is an open gate here.
The cyclops throws a large rock.
You block the large rock.
You see here a large rock.
You hit the cyclops but do no damage. You slash the cyclops!
The cyclops is moderately wounded.
The cyclops hits you!
* * * LOW HITPOINT WARNING * * *
You hit the cyclops.
The cyclops is moderately wounded.
The cyclops hits you!!
You die...

#..##......###.#...#..
#..')......# #.#...#..
#..##()....# #.#...#..
#..##......# #.#...#..
#.(##..(...###.#...#..
######'#####(..##..#####..
#....#))...#....#..# #..
#....#...C.#.(..#..# #..
#....#...@.'....#..# #..
#....'....('....#..# #..
#....#.....'....##.# #..
#....#.....#(..###.# #..
#....#..).[#().# #.# #..
#....#'#####..## #.# #..
#....#.##.....# #.# #..
#....#.##.....# #.# #..
#....#.##.....# #.# #..


You could see a cyclops.

Vanquished Creatures
  An orc warlord (Bailey)
  A stone giant (D:11)
  The ghost of HolyRage the Grappler, a journeyman TrBe of Trog (D:10)
  Erolcha (D:8)
  18 hill giants
  Pikel (D:7)
  2 ugly things
  2 cyclopes (D:11)
  The ghost of luca467 the Skirmisher, a novice OpFi of Dithmenos (D:5)
  A troll (D:9)
  Prince Ribbit (D:7)
  2 two-headed ogres (D:11)
  A spriggan (D:9)
  Sigmund (D:6)
  A wyvern (D:11)
  Grum (D:10)
  19 yaks
  2 hippogriffs
  A warg (D:11)
  A water moccasin (D:11)
  The ghost of loralnil the Ruffian, an amateur VSMo (Sewer)
  3 phantoms
  A wasp (D:11)
  A sky beast (D:7)
  3 black bears
  3 ice beasts
  11 orc warriors
  8 wolves
  10 ogres
  2 crocodiles (D:9)
  A centaur (D:11)
  2 big kobolds
  6 giant frogs
  A gnoll sergeant (D:11)
  A wyvern skeleton (D:9)
  3 scorpions
  A water moccasin skeleton (D:7)
  6 howler monkeys
  6 crimson imps
  A quasit (D:9)
  3 hounds
  2 orc priests
  2 jellies
  A wasp zombie (D:10)
  5 centaur skeletons
  A giant frog skeleton (D:6)
  14 orc wizards
  2 iguanas (D:5)
  7 worker ants
  4 worker ant zombies
  6 gnolls
  6 river rats
  21 adders
  A shadow imp (D:8)
  An ooze (Sewer)
  3 adder skeletons
  A dart slug (D:1)
  5 giant geckos
  33 orcs
  4 giant cockroaches
  9 goblins
  12 hobgoblins
  33 kobolds
  3 quokkas
  8 ball pythons
  18 bats
  A giant gecko skeleton (D:5)
  7 giant newts
  2 quokka zombies
  40 rats
385 creatures vanquished.

Vanquished Creatures (others)
  A slave (D:7)
  4 fungi (D:9)
  A plant (D:11)
6 creatures vanquished.

Grand Total: 391 creatures vanquished

Notes
Turn   | Place    | Note
--------------------------------------------------------------
     0 | D:1      | Lovchig the Deep Dwarf Fighter began the quest for the Orb.
     0 | D:1      | Reached XP level 1. HP: 20/20 MP: 1/1
   164 | D:1      | Reached XP level 2. HP: 16/27 MP: 2/2
  1292 | D:2      | Reached XP level 3. HP: 19/33 MP: 3/3
  1812 | D:2      | Found a burning altar of Makhleb.
  2030 | D:3      | Reached skill level 1 in Dodging
  2063 | D:3      | Reached XP level 4. HP: 21/40 MP: 4/4
  2259 | D:3      | Found a glowing drain.
  2296 | D:3      | Reached skill level 3 in Axes
  2307 | Sewer    | Entered a sewer
  2313 | Sewer    | Noticed loralnil's ghost (amateur VSMo)
  2325 | Sewer    | Killed loralnil's ghost
  2325 | Sewer    | Reached XP level 5. HP: 43/49 MP: 5/5
  2443 | Sewer    | Reached XP level 6. HP: 41/56 MP: 6/6
  2500 | Sewer    | Reached skill level 5 in Shields
  2513 | Sewer    | Reached skill level 4 in Axes
  2651 | Sewer    | Reached XP level 7. HP: 26/63 MP: 7/7
  3220 | D:4      | Reached skill level 5 in Armour
  3778 | D:5      | Entered Level 5 of the Dungeon
  3807 | D:5      | Reached XP level 8. HP: 35/72 MP: 8/8
  3831 | D:5      | Reached skill level 5 in Axes
  3915 | D:5      | Noticed luca467's ghost (novice OpFi)
  3924 | D:5      | Killed luca467's ghost
  3991 | D:5      | Found a staircase to the Ecumenical Temple.
  4038 | Temple   | Entered the Ecumenical Temple
  4045 | Temple   | Became a worshipper of the Shining One
  4269 | D:5      | Found Otset's Assorted Antiques.
  4320 | D:5      | Reached skill level 6 in Axes
  4739 | D:6      | Reached * piety under the Shining One
  4739 | D:6      | Reached skill level 5 in Fighting
  4745 | D:6      | Gained mutation: You passively map the area around you. [Deep Dwarf growth]
  4745 | D:6      | Reached XP level 9. HP: 76/81 MP: 6/6
  4858 | D:6      | Noticed Sigmund
  4865 | D:6      | Killed Sigmund
  5541 | D:7      | Reached skill level 7 in Axes
  5560 | D:7      | Got an encrusted hat
  5590 | D:7      | Noticed Pikel
  5597 | D:7      | Killed Pikel
  5597 | D:7      | Reached skill level 8 in Axes
  5610 | D:7      | Noticed Prince Ribbit
  5628 | D:7      | Killed Prince Ribbit
  5938 | D:8      | Found a flagged portal.
  5950 | Bailey   | Entered a bailey
  5955 | Bailey   | Noticed an orc warlord
  6021 | Bailey   | Found a runed gate.
  6025 | Bailey   | Found a runed gate.
  6031 | Bailey   | Found a runed gate.
  6048 | Bailey   | Reached XP level 10. HP: 78/91 MP: 7/7
  6187 | Bailey   | Reached skill level 5 in Dodging
  6211 | Bailey   | Killed an orc warlord
  6211 | Bailey   | Reached skill level 9 in Axes
  6277 | D:8      | Found Ythric's Assorted Antiques.
  6282 | D:8      | Bought a scroll of remove curse for 99 gold pieces
  6293 | D:8      | Identified the +0 hat of Oblivion {MR- Int+9 Stlth+} (You found it on level 7 of the Dungeon)
  6303 | D:8      | Noticed Erolcha
  6312 | D:8      | Killed Erolcha
  6312 | D:8      | Reached skill level 10 in Shields
  6374 | D:8      | Found a shattered altar of Ashenzari.
  6425 | D:8      | Reached skill level 1 in Evocations
  6680 | D:8      | Found Ezuijas's Antique Armour Boutique.
  6685 | D:8      | Bought a pair of embroidered boots for 148 gold pieces
  6790 | D:8      | Reached ** piety under the Shining One
  7076 | D:9      | Reached skill level 10 in Axes
  7087 | D:9      | Reached XP level 11. HP: 47/99 MP: 8/8
  7227 | D:9      | Found Lool's Food Shoppe.
  7515 | D:9      | Found a staircase to the Lair.
  7667 | D:10     | Entered Level 10 of the Dungeon
  7792 | D:10     | Found a deep blue altar of Sif Muna.
  7845 | D:10     | Noticed a cyan ugly thing
  7845 | D:10     | Noticed HolyRage's ghost (journeyman TrBe)
  7845 | D:10     | Reached *** piety under the Shining One
  7851 | D:10     | Noticed Grum
  7868 | D:10     | Killed a cyan ugly thing
  7895 | D:10     | Killed HolyRage's ghost
  7919 | D:10     | Reached skill level 11 in Axes
  7933 | D:10     | Killed Grum
  7959 | D:10     | Gained mutation: You expend magic power (3 MP) to strengthen your wands. [mutagenic meat]
  7960 | D:10     | Gained mutation: You are weak. (Str -2) [mutagenic meat]
  7961 | D:10     | Gained mutation: You are frail (-10% HP). [mutagenic meat]
  7962 | D:10     | Gained mutation: Your flesh is heat resistant. [mutagenic meat]
  7990 | D:10     | Noticed a hill giant
  8000 | D:10     | Killed a hill giant
  8085 | D:10     | Found a staircase to the Orcish Mines.
  8169 | D:10     | Noticed a hill giant
  8184 | D:10     | Killed a hill giant
  8255 | D:10     | Noticed a hill giant
  8267 | D:10     | Killed a hill giant
  8519 | D:10     | Identified Sif Muna's Catalogue of Summoning
  8611 | D:11     | Noticed a hill giant
  8622 | D:11     | Killed a hill giant
  8705 | D:11     | Reached XP level 12. HP: 73/99 MP: 4/4
  9156 | D:11     | Reached skill level 12 in Axes
  9197 | D:11     | HP: 3/99 [cyclops/large rock (29)]
  9645 | D:11     | Noticed a stone giant
  9681 | D:11     | Killed a stone giant
  9681 | D:11     | Reached skill level 13 in Axes
 10084 | D:11     | Gained mutation: Your flesh is very heat resistant. [potion of beneficial mutation]
 10167 | D:11     | HP: 5/102 [hill giant/giant club (1)]
 10176 | D:11     | HP: 2/102 [hill giant/giant club (3)]
 10341 | D:8      | Bought 2 potions of curing for 198 gold pieces
 10341 | D:8      | Bought a fuming coppery potion for 29 gold pieces
 10341 | D:8      | Bought a glowing red potion for 29 gold pieces
 10568 | D:11     | Mangled by a cyclops

Skill      XL: |  1  2  3  4  5  6  7  8  9 10 11 12 |
---------------+-------------------------------------+-----
Shields        | 4 5 6 7 9 10 11 12 | 12.1
Dodging        | 1 2 3 4 5 7 8 |  8.1
Fighting       | 3 4 5 6 8 9 |  9.1
Axes           | 3 4 6 8 10 11 13 | 13.3
Armour         | 4 5 6 7 8 9 |  9.9
Evocations     | 1 |  1.0
Stealth        | |  0.3

Action                   |  1- 3 |  4- 6 |  7- 9 | 10-12 || total
-------------------------+-------+-------+-------+-------++-------
Melee: War axe           |   157 |   221 |   409 |   581 ||  1368
       Broad axe         |       |       |       |    28 ||    28
 Abil: Device Recharging |       |       |     3 |     7 ||    10
       Evoke Berserk Rag |       |       |       |     1 ||     1
Evoke: Wand              |       |     3 |    10 |    24 ||    37
  Use: Scroll            |     4 |       |    16 |    10 ||    30
       Potion            |       |       |       |    29 ||    29
  Eat: Chunk             |     4 |     2 |    12 |    20 ||    38
Armor: Scale mail        |    11 |       |       |       ||    11
       Chain mail        |    73 |   242 |    35 |       ||   350
       Plate armour      |       |       |   187 |    14 ||   201
       Crystal plate arm |       |       |       |   249 ||   249
Dodge: Dodged            |    32 |   106 |    85 |   141 ||   364
Block: Shield            |    93 |   210 |   222 |   394 ||   919
